 Dungeon Crawl Stone Soup version 0.17.2-1-ge4368a0 (webtiles) character file.

703 daftwullie the Cudgeler (level 7, -3/71 HPs)
             Began as an Ogre Warper on Feb 18, 2017.
             Was an Initiate of the Shining One.
             Slain by a gnoll
             ... wielding a +0 halberd
              (7 damage)
             ... on level 5 of the Dungeon.
             The game lasted 00:55:22 (6776 turns).

daftwullie the Cudgeler (Ogre Warper)               Turns: 6776, Time: 00:55:22

Health: -3/71      AC:  3    Str: 17    XL:     7   Next: 66%
Magic:  4/14       EV: 10    Int: 14    God:    the Shining One [......]
Gold:   220        SH:  0    Dex:  9    Spells: 3 memorised, 10 levels left

rFire  . . .     SeeInvis +     a - +4 flail
rCold  . . .     Clarity  .     b - +0 robe
rNeg   . . .     SustAt   .     (no shield)
rPois  .         Gourm    .     (helmet restricted)
rElec  .         Spirit   .     (no cloak)
rCorr  .         Warding  .     (gloves unavailable)
rMut   .         Stasis   .     (boots unavailable)
MR     +....                    (no amulet)
Stlth  +.........               u - ring of protection from magic
                                K - ring of see invisible

@: very slightly contaminated, somewhat resistant to hostile enchantments, very
unstealthy
A: unfitting armour, tough skin 1
a: Renounce Religion


You were on level 5 of the Dungeon.
You worshipped the Shining One.
The Shining One was noncommittal.
You were not hungry.

You visited 2 branches of the dungeon, and saw 7 of its levels.

You collected 310 gold pieces.
You spent 90 gold pieces at shops.

Inventory:

Hand Weapons
 a - a +4 flail (weapon)
 k - a +0 hunting sling
 w - a +0 hand axe of freezing
 x - a +0 mace
 B - a +1 dagger of draining
 D - a cursed -2 dagger
 G - a +0 dagger of electrocution
Missiles
 i - 255 stones (quivered)
 r - 78 sling bullets
 t - 6 needles of confusion
 v - 2 tomahawks
Armour
 b - a +0 robe (worn)
Jewellery
 o - an uncursed ring of ice
 p - a +2 ring of slaying
 u - a ring of protection from magic (right hand)
 z - an uncursed ring of loudness
 K - a ring of see invisible (left hand)
Scrolls
 d - a scroll of blinking
 n - 2 scrolls of remove curse
 q - 3 scrolls of teleportation {unknown}
 y - a scroll of magic mapping {unknown}
 A - 2 scrolls of amnesia
 H - a scroll of fear {unknown}
Potions
 e - a potion of brilliance
 g - a potion of curing
 l - a potion of haste
 m - a potion of degeneration
 s - a potion of cure mutation
 C - 2 potions of invisibility
 E - 2 potions of agility {unknown}
 J - a potion of might {unknown}
Books
 c - a book of Spatial Translocations

   Spells                             Type                      Level
   a - Apportation                    Translocation                1
   b - Blink                          Translocation                2
   c - Shroud of Golubria             Charms/Translocation         2
   d - Portal Projectile              Translocation                3
   e - Teleport Other                 Translocation                3
   f - Passage of Golubria            Translocation                4
Comestibles
 f - 7 bread rations
 h - 5 meat rations


   Skills:
 + Level 4.4 Fighting
 * Level 5.7 Maces & Flails
 * Level 2.5 Throwing
 - Level 2.1 Dodging
 * Level 4.9 Spellcasting
 + Level 1.2 Charms
 * Level 3.8 Translocations


You had 10 spell levels left.
You knew the following spells:

 Your Spells              Type           Power        Failure   Level  Hunger
a - Apportation           Tloc           ##........   3%          1    None
b - Blink                 Tloc           N/A          6%          2    ##.....
c - Shroud of Golubria    Chrm/Tloc      ##........   12%         2    ##.....


Dungeon Overview and Level Annotations

Branches:
Dungeon (6/15)             Temple (1/1) D:4

Altars:
Ashenzari
Dithmenos
Elyvilon
Fedhas
Gozag
Makhleb
Okawaru
Qazlal
Trog
Vehumet
Xom
Yredelemnul
Zin
The Shining One

Annotations:
D:5 Prince Ribbit


Innate Abilities, Weirdness & Mutations

You are too large for most types of armour.
You have tough skin (AC +1).


Message History

You are very lightly contaminated with residual magic.
You feel uncomfortable.
Casting: Shroud of Golubria
Confirm with . or Enter, or press ? or * to list all spells.
Space distorts slightly along a thin shroud covering your body.
The gnoll closely misses you.
You closely miss the gnoll. The gnoll closely misses you.
You hit the gnoll but do no damage. The gnoll hits you with a halberd!!
* * * LOW HITPOINT WARNING * * *
Casting: Shroud of Golubria
Confirm with . or Enter, or press ? or * to list all spells.
You blink.
The gnoll hits you from afar with a halberd.
* * * LOW HITPOINT WARNING * * *
Your shroud falls apart!
Found a trident.
Casting: Blink
Confirm with . or Enter, or press ? or * to list all spells.
You blink.
The gnoll hits you with a halberd!
You die...

.....#......##
....###'######.....#
....##..##..##.....# . .
##..##......##.....# .. ..
###'##......##.....##. ...
....##..######....... ...#
.<..######..##.....# ....#
######.............##.....#
##..##..........@g.§......#
....##..##+######§###..)..#
....##..##..##...).# ....#
.....#..[...'......# ...#
.....'......#......# ..#
.....#......##.....# ..
##..##..######.....# .
##+###+## #.....# ......#


You could see a gnoll.

Vanquished Creatures
  A water moccasin (D:6)
  A crimson imp (D:5)
  3 hounds
  An orc wizard (D:3)
  2 orc priests (D:4)
  4 worker ants
  2 iguanas (D:4)
  A hound skeleton (D:5)
  Robin (D:4)
  3 adders (D:2)
  3 gnolls (D:5)
  2 oozes (D:1)
  3 adder skeletons
  3 worms
  4 giant geckos
  22 orcs
  4 giant cockroaches
  15 goblins
  9 hobgoblins
  3 jackals (D:4)
  A quokka (D:2)
  2 ball pythons
  7 bats
  6 giant newts
  3 kobolds
  8 rats
114 creatures vanquished.

Notes
Turn   | Place    | Note
--------------------------------------------------------------
     0 | D:1      | daftwullie the Ogre Warper began the quest for the Orb.
     0 | D:1      | Reached XP level 1. HP: 22/22 MP: 3/3
   115 | D:1      | Reached XP level 2. HP: 29/29 MP: 5/5
   770 | D:1      | Reached XP level 3. HP: 21/36 MP: 7/7
   920 | D:1      | Learned a level 2 spell: Blink
   923 | D:1      | Learned a level 2 spell: Shroud of Golubria
   931 | D:2      | Reached skill level 3 in Maces & Flails
  1258 | D:2      | Found Zin's Purification Station.
  1261 | D:2      | Found a glowing silver altar of Zin.
  1365 | D:2      | Reached XP level 4. HP: 25/45 MP: 1/8
  1583 | D:2      | Bought a potion of curing for 90 gold pieces
  2009 | D:2      | Found an opulent altar of Gozag.
  2118 | D:2      | Found a white marble altar of Elyvilon.
  2316 | D:3      | Found an iron altar of Okawaru.
  2561 | D:3      | Found a blossoming altar of Fedhas.
  3243 | D:4      | Noticed Robin
  3251 | D:3      | Reached XP level 5. HP: 43/53 MP: 5/10
  3355 | D:4      | Killed Robin
  3393 | D:4      | Reached skill level 4 in Maces & Flails
  3599 | D:4      | Reached XP level 6. HP: 48/62 MP: 4/11
  4155 | D:4      | Found a staircase to the Ecumenical Temple.
  4171 | Temple   | Entered the Ecumenical Temple
  4255 | Temple   | Became a worshipper of the Shining One
  5201 | D:4      | Reached skill level 1 in Charms
  5208 | D:4      | Reached skill level 5 in Maces & Flails
  5208 | D:4      | Reached XP level 7. HP: 50/70 MP: 11/13
  5239 | D:5      | Entered Level 5 of the Dungeon
  5475 | D:5      | Noticed Prince Ribbit
  5565 | D:5      | Found a stormy altar of Qazlal.
  6142 | D:6      | Found a radiant altar of Vehumet.
  6776 | D:5      | Slain by a gnoll

Action                   |  1- 3 |  4- 6 |  7- 9 || total
-------------------------+-------+-------+-------++-------
Melee: Mace              |    88 |    60 |       ||   148
       Flail             |       |   168 |    68 ||   236
Throw: Javelin           |     1 |    19 |     3 ||    23
       Stone             |       |     5 |    13 ||    18
       Tomahawk          |       |     2 |     5 ||     7
 Cast: Shroud of Golubri |     5 |    26 |    15 ||    46
       Apportation       |       |     3 |       ||     3
       Blink             |       |       |     9 ||     9
  Use: Scroll            |       |     7 |     5 ||    12
       Potion            |       |       |     2 ||     2
 Stab: Sleeping          |       |     1 |       ||     1
  Eat: Chunk             |     2 |    14 |     1 ||    17
       Meat ration       |       |       |     1 ||     1
